 Dungeon Crawl Stone Soup version 0.31.0-9-g3a7656b989 (webtiles) character file.

Game seed: 5208114058256056327

136 qw the Skirmisher (level 4, 0/25 HPs)
             Began as a Deep Elf Hunter on Feb 2, 2024.
             Succumbed to their own poison gas
             ... on level 2 of the Dungeon.
             The game lasted 00:00:05 (1910 turns).

qw the Skirmisher (Deep Elf Hunter)                 Turns: 1910, Time: 00:00:07

Health: 0/25       AC:  7    Str: 10    XL:     4   Next: 98%
Magic:  6/6        EV: 11    Int: 14    God:
Gold:   101        SH:  0    Dex: 18    Spells: 3/3 levels left

rFire   . . .        a - +0 shortbow
rCold   . . .        (shield currently unavailable)
rNeg    . . .        d - +0 ring mail
rPois   .            e - +0 helmet
rElec   .            (no cloak)
rCorr   .            g - +0 pair of gloves
SInv    .            (no boots)
Will    .....        (no amulet)
Stlth   +            (no ring)
HPRegen 0.24/turn    (no ring)
MPRegen 0.10/turn

%: no passive effects
@: lethally poisoned (0 -> -6)
A: no striking features
a: no special abilities


You were on level 2 of the Dungeon.
You visited 1 branch of the dungeon, and saw 2 of its levels.

You collected 101 gold pieces.


   Skills:
 - Level 1.5 Fighting
 + Level 8.4 Ranged Weapons
 - Level 2.4 Dodging
 - Level 1.2 Stealth


You had 3 spell levels left.
You didn't know any spells.
Your spell library was empty.

Inventory:

Hand Weapons
 a - a +0 shortbow (weapon)
Armour
 d - a +0 ring mail (worn)
 e - a +0 helmet (worn)
 g - a +0 pair of gloves (worn)
Potions
 c - a potion of mutation
 h - a potion of might
 i - a potion of heal wounds

Dungeon Overview and Level Annotations

Branches:
Dungeon (2/15)

Altars:

Annotations:
D:2 1 runed translucent door, Crazy Yiuf


Message History

It is a scroll of amnesia.
You feel forgetful for a moment.
Could not explore, unopened runed door.
1902 ||| READING scroll labelled QOMPA XIDEMOT.
The air fills with toxic fumes!
As you read the scroll labelled QOMPA XIDEMOT, it crumbles to dust.
It was a scroll of poison.
Could not explore, unopened runed door.
1903 ||| READING scroll labelled CONAODAXZE.
As you read the scroll labelled CONAODAXZE, it dissolves into smoke.
It was a scroll of fog.
Could not explore, unopened runed door.
1904 ||| DROPPING 3 scrolls of amnesia.
You drop 3 scrolls of amnesia.
Could not explore, unopened runed door.
What level of the Dungeon? (default 2, ? - help) Sorry, I don't know how to get there.
Enter note:
Enter note:
Enter note:
Enter note:
Enter note:
Enter note:
Enter note:
Enter note:
Enter note:
Enter note:
Enter note:
Enter note: You are engulfed in poison gas.
You are poisoned.
You feel very sick.
1906 ||| Stepping ~*~*~tactically~*~*~ (cloud).
You feel very sick.
You see here 3 scrolls of amnesia.
There is a lethal amount of poison in your body!
You feel very sick.
There is a lethal amount of poison in your body!
You feel sick.
There is a lethal amount of poison in your body!
You feel sick.
There is a lethal amount of poison in your body!
You die...

#......................##.#
#..##.#....#..#.#########)#
#..##.#.##.#..#.# ##.#
.>.##...######### #..#
..####### ####
........##77777
#.##.....#P.7¤777 ###
..........7P.7¤¤7#...#
#.##........7777@+g..#
......#..#P77 77#..)#
....#'####77 ### #.#.....#
#[#.....#
#.#.....###########
#.#.............#.#
#.#....(........#.######
#.#.#.###########......###


You could see Crazy Yiuf.

Vanquished Creatures
  Terence (D:2)
  Natasha (D:2)
  2 adders (D:2)
  A gnoll (D:1)
  2 dart slugs
  A ribbon worm (D:2)
  An orc (D:2)
  3 ball pythons (D:1)
  4 bats
  6 endoplasms
  A giant cockroach (D:2)
  4 goblins (D:1)
  6 hobgoblins
  4 jackals
  3 quokkas (D:1)
  2 frilled lizards (D:1)
  3 kobolds
  5 rats (D:1)
50 creatures vanquished.

Notes
Turn   | Place    | Note
-------+----------+-------------------------------------------
     0 | D:1      | qw the Deep Elf Hunter began the quest for the Orb.
     0 | D:1      | Reached XP level 1. HP: 12/12 MP: 3/3
     0 | D:1      | 0 ||| qw: Version: 0.3-a-155-g5e7d8dd
     0 | D:1      | 0 ||| qw: Game counter: 1927
     0 | D:1      | 0 ||| qw: Melee chars always use a shield: true
     0 | D:1      | 0 ||| qw: God list: Okawaru
     0 | D:1      | 0 ||| qw: Allow faded altars: false
     0 | D:1      | 0 ||| qw: Do Orc after clearing Dungeon:15 true
     0 | D:1      | 0 ||| qw: Do second Lair branch before Depths: true
     0 | D:1      | 0 ||| qw: Lair rune preference: random
     0 | D:1      | 0 ||| qw: Goals: Normal
     0 | D:1      | 0 ||| PLANNING D:1-11
   143 | D:1      | Found a faded altar of an unknown god.
   193 | D:1      | Reached XP level 2. HP: 16/16 MP: 4/4
   196 | D:1      | Reached skill level 6 in Ranged Weapons
   265 | D:1      | Reached XP level 3. HP: 20/20 MP: 5/5
   576 | D:1      | Reached skill level 7 in Ranged Weapons
   786 | D:1      | 786 ||| UPGRADING to +0 ring mail.
   796 | D:1      | 796 ||| DROPPING +0 leather armour.
   797 | D:1      | 797 ||| UPGRADING to +0 helmet.
   802 | D:1      | 802 ||| UPGRADING to +0 pair of gloves.
   807 | D:1      | 807 ||| READING scroll labelled BATAROENIV.
   807 | D:1      | 807 ||| IDENTIFYING ruby potion
   808 | D:1      | 808 ||| READING scroll labelled PEIQOIN RICK.
   909 | D:1      | 909 ||| DROPPING scroll of butterflies.
   976 | D:2      | Noticed Terence
   980 | D:2      | Killed Terence
   981 | D:2      | Reached XP level 4. HP: 25/25 MP: 6/6
  1255 | D:2      | Noticed Natasha
  1262 | D:2      | Killed Natasha
  1263 | D:2      | Reached skill level 8 in Ranged Weapons
  1895 | D:2      | Found a runed translucent door.
  1896 | D:2      | Noticed Crazy Yiuf
  1899 | D:2      | 1899 ||| READING 2 scrolls of identify.
  1899 | D:2      | 1899 ||| IDENTIFYING cyan potion
  1900 | D:2      | 1900 ||| READING scroll of identify.
  1900 | D:2      | 1900 ||| IDENTIFYING fizzy red potion
  1901 | D:2      | 1901 ||| READING 4 scrolls labelled BIEHUO FI XIVATE.
  1902 | D:2      | 1902 ||| READING scroll labelled QOMPA XIDEMOT.
  1903 | D:2      | 1903 ||| READING scroll labelled CONAODAXZE.
  1904 | D:2      | 1904 ||| DROPPING 3 scrolls of amnesia.
  1906 | D:2      | 1906 ||| Stepping ~*~*~tactically~*~*~ (cloud).
  1907 | D:2      | HP: 4/25 [poisoned by you (poison gas)]
  1909 | D:2      | HP: 1/25 [poisoned by you (poison gas)]
  1910 | D:2      | Succumbed to their own poison gas

Levels and vault maps discovered:
D:1:      dpeg_arrival_fog, layout_basic, shapermc_ecumenical_altar_hornbeckon,
          palyth_stone_intersect
D:2:      layout_basic, grunt_decor_clamped, uniq_crazy_yiuf_cottage,
          uniq_natasha, uniq_terence

Skill      XL: |  1  2  3  4 |
---------------+-------------+-----
Ranged Weapons | 6 7 8 |  8.4
Fighting       | |  1.5
Dodging        | |  2.4
Stealth        | |  1.2

Action                     |  1- 3 |  4- 6 || total
---------------------------+-------+-------++-------
   Fire: Shortbow          |   100 |    57 ||   157
    Use: Scroll            |     2 |     5 ||     7
 Armour: Leather armour    |    22 |       ||    22
         Ring mail         |       |    16 ||    16
  Dodge: Dodged            |    30 |    19 ||    49

Table legend:
 A = Non-vault XP
 B = Vault XP
 C = Vault XP percentage of total XP
 D = Non-vault monster count
 E = Vault monster count
 F = Vault count percentage of total count
                 A         B        C        D         E       F
            +---------+---------+-------+---------+---------+-------
      Total |     124 |      71 |  36.4 |      48 |       2 |   4.0
            +---------+---------+-------+---------+---------+-------
        D:1 |      68 |       0 |   0.0 |      33 |       0 |   0.0
        D:2 |      56 |      71 |  55.9 |      15 |       2 |  11.8
            +---------+---------+-------+---------+---------+-------
